 Dungeon Crawl Stone Soup version 0.30-a0-313-gae38170b09 (webtiles) character file.

Game seed: 17333050394348721333

161 Lambsauce the Chopper (level 5, -1/47 HPs)
             Began as a Minotaur Fighter on Oct 26, 2022.
             Slain by Blork the orc
             ... wielding a +0 battleaxe
              (5 damage)
             ... on level 4 of the Dungeon.
             The game lasted 00:04:32 (2631 turns).

Lambsauce the Chopper (Minotaur Fighter)            Turns: 2631, Time: 00:04:33

Health: -1/47      AC:  8    Str: 29    XL:     5   Next: 18%
Magic:  4/4        EV: 10    Int:  5    God:
Gold:   1090       SH:  4    Dex:  9    Spells: 4/4 levels left

rFire   . . .      SeeInvis .    a - +1 war axe
rCold   . . .      Faith    .    c - +0 buckler
rNeg    . . .      Spirit   .    b - +0 scale mail
rPois   .          Reflect  .    (helmet restricted)
rElec   .          Harm     .    (no cloak)
rCorr   .          Rampage  .    n - +0 pair of gloves
Will    .....                    (no boots)
Stlth   ..........               (no amulet)
HPRegen 0.27/turn                f - +6 ring of strength
MPRegen 0.09/turn                (no ring)

@: about to teleport
A: horns 2, retaliatory headbutt
a: no special abilities


You were on level 4 of the Dungeon.
You visited 1 branch of the dungeon, and saw 4 of its levels.

You collected 1090 gold pieces.

Inventory:

Hand Weapons
 a - a +1 war axe (weapon)
Missiles
 i - 19 poisoned darts (quivered)
Armour
 b - a +0 scale mail (worn)
 c - a +0 buckler (worn)
 n - a +0 pair of gloves (worn)
Jewellery
 f - a +6 ring of strength (left hand)
Wands
 l - a wand of flame (11)
Scrolls
 j - a scroll of amnesia
 k - a scroll of enchant weapon
 m - 3 scrolls of immolation
Potions
 d - 2 potions of might
 e - a potion of mutation
 h - 2 potions of curing


   Skills:
 + Level 4.3 Fighting
 + Level 5.0 Axes
 + Level 4.4 Armour
 + Level 0.7 Dodging
 + Level 4.1 Shields


You had 4 spell levels left.
You didn't know any spells.
Your spell library was empty.

Dungeon Overview and Level Annotations

Branches:
Dungeon (4/15)
 Temple: D:4-7

Altars:
Hepliaklqana

Annotations:
D:4 Blork the orc


Innate Abilities, Weirdness & Mutations

You have a pair of horns on your head.
You reflexively headbutt those who attack you in melee.


Message History

Ijyb barely misses you. x2; You furiously retaliate!
You headbutt Ijyb!
You kill Ijyb!
Your Axes skill increases to level 5!
You have reached level 5!
l - a wand of flame (11)
Things that are here:
a +0 club; a +0 chain mail
Found a pair of gloves.
You now have 1090 gold pieces (gained 12).
You see here a +0 pair of gloves.
n - a +0 pair of gloves You start putting on your armour.
You continue putting on your +0 pair of gloves. x4
You finish putting on your +0 pair of gloves.
You feel stronger.
f - a +6 ring of strength (left hand) Blork the orc comes into view.
He is wielding a +0 battleaxe.
Found a stone staircase leading up.
Blork the orc shouts!
Blork the orc is nearby!
Blork the orc is nearby!
You hit Blork the orc.
Blork the orc is lightly wounded.
Blork the orc hits you with a +0 battleaxe.
Blork the orc drinks a potion.
Blork the orc flickers and vanishes!
Deactivating autopickup; reactivate with Ctrl-A.
No target in view!
No target in view!
No target in view!
You barely miss something. Something hits you!
You barely miss something. Something hits you!
You slash something!
You hear some strange, mumbled words.
Something hits you!
* * * LOW HITPOINT WARNING * * *
As you read the scroll of teleportation, it crumbles to dust.
You feel strangely unstable. Something hits you.
* * * LOW HITPOINT WARNING * * *
Something hits you.
You die...

## .. #.### ...
#...### #.. ###.
#....#.###.# ###.#..
#..<..#...###.....#
#...{#....#......#
##..@#.....#.....#.
#.###.#....#......# #
#...###...#.....###.
#....#.###.#.###.#..
#.....#...###.....#
#.#....#....#......#
..###...#.....#.....#.
..##
####.#....#..)...# .
#####...#.....##


There were no monsters in sight!

Vanquished Creatures
  Ijyb (D:4)
  Robin (D:3)
  3 adders
  A worm (D:2)
  A dart slug (D:1)
  An orc (D:3)
  6 ball pythons
  12 bats
  7 endoplasms
  5 giant cockroaches
  12 goblins
  8 hobgoblins
  8 jackals
  3 quokkas
  3 frilled lizards
  3 kobolds
  7 rats
82 creatures vanquished.

Notes
Turn   | Place    | Note
-------+----------+-------------------------------------------
     0 | D:1      | Lambsauce the Minotaur Fighter began the quest for the Orb.
     0 | D:1      | Reached XP level 1. HP: 19/19 MP: 0/0
    65 | D:1      | Reached XP level 2. HP: 27/27 MP: 1/1
   420 | D:1      | Reached skill level 3 in Axes
   583 | D:1      | Reached XP level 3. HP: 33/33 MP: 2/2
   766 | D:2      | Found a hazy altar of Hepliaklqana.
   871 | D:2      | Reached skill level 4 in Axes
   966 | D:2      | Reached XP level 4. HP: 40/40 MP: 3/3
  1751 | D:3      | Noticed Robin
  1769 | D:3      | Killed Robin
  2058 | D:3      | Identified a scroll of acquirement
  2058 | D:3      | Acquired 993 gold pieces
  2485 | D:4      | Noticed Ijyb
  2503 | D:4      | Killed Ijyb
  2504 | D:4      | Reached skill level 5 in Axes
  2504 | D:4      | Reached XP level 5. HP: 18/47 MP: 4/4
  2624 | D:4      | Noticed Blork the orc
  2631 | D:4      | Slain by Blork the orc

Illustrated notes

Levels and vault maps discovered:
D:1:      minmay_arrival_jagged, layout_loops_ring
D:2:      layout_loops_corners, basic_altar
D:3:      layout_loops_cross, grunt_ministairs_2, uniq_robin
D:4:      nicolae_BIG_FREAKIN_CUBE, layout_loops_corners, uniq_blork_the_orc,
          uniq_ijyb

Skill      XL: |  1  2  3  4 |
---------------+-------------+-----
Armour         | 4 |  4.4
Axes           | 3 4 5 |  5.0
Fighting       | 4 |  4.3
Shields        | 4 |  4.1
Dodging        | |  0.7

Action                   |  1- 3 |  4- 6 || total
-------------------------+-------+-------++-------
Melee: War axe           |    87 |    83 ||   170
       Headbutt          |    13 |    12 ||    25
  Use: Scroll            |     3 |     7 ||    10
       Potion            |       |     2 ||     2
Armor: Scale mail        |    47 |    34 ||    81
Dodge: Dodged            |    45 |    45 ||    90
Block: Buckler           |    26 |    18 ||    44

Table legend: (Time is in decaauts)
 A = Elapsed time spent in this place.
 B = Non-inter-level travel time spent in this place.
 C = Inter-level travel time spent in this place.
 D = Time resting spent in this place.
 E = Time spent auto-exploring this place.
 F = Levels seen in this place.
 G = Mean time per level.
                   A        B        C        D        E       F      G
               +--------+--------+--------+--------+--------+-----+--------+
         Total |   2691 |   2544 |    147 |      0 |   2068 |   4 |  672.8 |
       Dungeon |   2691 |   2544 |    147 |      0 |   2068 |   4 |  672.8 |
               +--------+--------+--------+--------+--------+-----+--------+

Top non-repeatable levels by time:
     D:2: 1057 daAuts
     D:3: 731 daAuts
     D:1: 726 daAuts
     D:4: 175 daAuts
